 Dungeon Sprint DCSS version 0.21.1-1-g345015f (webtiles) character file.

0 Fang the Chopper (level 1, -1/20 HPs)
             Began as a Minotaur Berserker on June 23, 2018.
             Was a Follower of Trog.
             Slain by Sigmund
             ... wielding a +0 scythe
              (8 damage)
             ... in the Dungeon (Sprint VI: "Thunderdome").
             The game lasted 00:00:13 (38 turns).

Fang the Chopper (Minotaur Berserker)                 Turns: 38, Time: 00:00:14

Health: -1/20      AC:  2    Str: 21    XL:     1   Next: 33%
Magic:  0/0        EV: 12    Int:  4    God:    Trog [*.....]
Gold:   200        SH:  0    Dex:  9    Spells: 0/0 levels left

rFire    . . .     SeeInvis .   a - +0 hand axe
rCold    . . .     Gourm    .   (no shield)
rNeg     . . .     Faith    .   b - +0 animal skin
rPois    .         Spirit   .   (helmet restricted)
rElec    .         Reflect  .   (no cloak)
rCorr    .         Harm     .   (no gloves)
MR       .....     NoTele   +   (no boots)
Stlth    +.........             (no amulet)
HPRegen  0.06/turn              (no ring)
MPRegen  0.07/turn              (no ring)

@: no status effects
A: retaliatory headbutt, horns 2
a: Berserk, Burn Spellbooks, Renounce Religion


You were in the Dungeon.
You worshipped Trog.
Trog was aware of your devotion.
You were not hungry.

You visited 1 branch You collected 200 gold pieces.

Inventory:

Hand Weapons
 a - a +0 hand axe (weapon)
Armour
 b - a +0 animal skin (worn)
Wands
 k - a wand of acid (5)
 l - a wand of iceblast (5)
Scrolls
 i - 4 scrolls of blinking
 m - 3 scrolls of fog
Potions
 d - a potion of curing
 e - 4 potions of heal wounds
 f - 4 potions of haste
 g - 2 potions of magic
 h - a potion of berserk rage
 j - a potion of resistance
Comestibles
 c - a ration


   Skills:
 + Level 4.2 Fighting
 + Level 4.2 Axes
 + Level 2.6 Armour
 + Level 2.3 Dodging


You couldn't memorise any spells.
You didn't know any spells.

Dungeon Overview and Level Annotations

Branches:
Dungeon (1/1)

Altars:
Cheibriados
Fedhas
Gozag
Kikubaaqudgha
Qazlal
Sif Muna
Xom
Yredelemnul
Zin
The Shining One
Lugonu

Shops:
D ??:(!!!!

Annotations:
D Sigmund


Innate Abilities, Weirdness & Mutations

You reflexively headbutt those who attack you in melee.
You have a pair of horns on your head.


Message History

You headbutt the dart slug!
You kill the dart slug!
Trog accepts your kill.
Your Fighting skill increases to level 4!
Your Axes skill increases to level 4!
You are confused.
Found Giavex's Distillery and Zeol's Do-It-Yourself Clinic.
Found a shimmering altar of Xom.
Unknown command.
You are too confused!
You bump into the rock wall.
You bump into the rock wall.
Something hits you but does no damage.
Found Keschy's Distillery and Misoyhuv's Bottled Wisdom.
You are too confused!
You feel less confused. Something hits you but does no damage.
You miss something. Something hits you!
You miss something. You headbutt something. Something hits you.
You miss something. Your headbutt misses something. Something hits you!
You die...

#_......._#
#_......._#
#_......._#
###.........###
#⌠...........⌠#
#.8.........8.######
_......###......___∩#
......8.# #.8........∩
........###.{@........
....###...###........
... #.<.# #........
#...# #........
...###...........
...8. .8........∩
..... ......_..∩#
#.8.. ...8.###### #⌠..
....⌠#


There were no monsters in sight!

Vanquished Creatures
  A dart slug (D)
1 creature vanquished.

Notes
Turn   | Place    | Note
-------+----------+-------------------------------------------
     0 | D        | Fang the Minotaur Berserker began the quest for the Orb.
     0 | D        | Reached XP level 1. HP: 19/19 MP: 0/0
     3 | D        | Found a corrupted altar of Lugonu.
     3 | D        | Found a glowing silver altar of Zin.
     4 | D        | Found an ancient bone altar of Kikubaaqudgha.
     4 | D        | Found a glowing golden altar of the Shining One.
     5 | D        | Found a deep blue altar of Sif Muna.
     5 | D        | Found a blossoming altar of Fedhas.
     5 | D        | Round 1.
     6 | D        | Found an opulent altar of Gozag.
     6 | D        | Found a snail-covered altar of Cheibriados.
     6 | D        | Found Yvoekina's Staff Store.
     6 | D        | Found Bauchowa's Magic Scroll Shop.
     7 | D        | Found a stormy altar of Qazlal.
     7 | D        | Found Xuk Yvvye's Must-Have Magic.
     7 | D        | Found Vonocs's Magic Scroll Shop.
    23 | D        | Found a basalt altar of Yredelemnul.
    23 | D        | Noticed Sigmund
    30 | D        | Found Giavex's Distillery.
    30 | D        | Found a shimmering altar of Xom.
    30 | D        | Found Zeol's Do-It-Yourself Clinic.
    34 | D        | Found Keschy's Distillery.
    34 | D        | Found Misoyhuv's Bottled Wisdom.
    38 | D        | Slain by Sigmund

Skill      XL: |  1 |
---------------+----+-----
Fighting       | 4 |  4.2
Axes           | 4 |  4.2
Armour         | |  2.6
Dodging        | |  2.3

Action                   || total
-------------------------++-------
Melee: Hand axe          ||     4
       Headbutt          ||     1
Armor: Animal skin       ||     1
Dodge: Dodged            ||     1
